 Dungeon Crawl Stone Soup version 0.31-a0-640-g39d97e502b (webtiles) character file.

Game seed: 725711819574578239

421 qw the Shooter (level 6, -1/40 HPs)
             Began as a Gargoyle Hunter on Aug 27, 2023.
             Slain by a hound (3 damage)
             ... on level 3 of the Dungeon.
             The game lasted 00:01:06 (2224 turns).

qw the Shooter (Gargoyle Hunter)                    Turns: 2224, Time: 00:01:07

Health: -1/40      AC:  9    Str: 14    XL:     6   Next: 94%
Magic:  6/6        EV: 10    Int: 10    God:
Gold:   121        SH:  0    Dex: 15    Spells: 5/5 levels left

rFire   . . .        Y - +0 shortbow
rCold   . . .        (shield currently unavailable)
rNeg    + . .        a - +0 ring mail
rPois   inf          (no helmet)
rElec   +            (no cloak)
rCorr   .            (no gloves)
SInv    .            (no boots)
Will    .....        (no amulet)
Stlth   +            (no ring)
HPRegen 0.26/turn    (no ring)
MPRegen 0.10/turn

%: no passive effects
@: no status effects
A: sickness immunity, AC +4, negative energy resistance 1, electricity
resistance, torment resistance 1, petrification resistance
a: no special abilities


You were on level 3 of the Dungeon.
You visited 1 branch of the dungeon, and saw 4 of its levels.

You collected 121 gold pieces.


Innate Abilities, Weirdness & Mutations

You are immune to sickness and miasma.
Your stone body is resilient. (AC +4)
You are immune to poison.
You resist negative energy. (rN+)
You are resistant to electric shocks. (rElec)
You are resistant to unholy torment.
You are immune to petrification.


   Skills:
 - Level 5.3 Fighting
 - Level 6.6 Ranged Weapons
 + Level 0.4 Armour
 - Level 1.5 Dodging
 - Level 1.1 Stealth


You had 5 spell levels left.
You didn't know any spells.
Your spell library was empty.

Inventory:

Hand Weapons
 Y - a +0 shortbow (weapon)
Armour
 a - a +0 ring mail (worn)
Potions
 b - a potion of mutation {unknown}
 f - a potion of resistance {unknown}

Dungeon Overview and Level Annotations

Branches:
Dungeon (4/15)
 Temple: D:4-7

Altars:


Message History

There is a stone staircase leading down here.
You shoot an arrow. The arrow hits the hound.
The hound is lightly wounded.
The hound bites you but does no damage. The gnoll misses you.
The gnoll hits you but does no damage. The quokka barely misses you.
The hound completely misses you.
You shoot an arrow. The arrow closely misses the hound.
The quokka bites you. The gnoll hits you but does no damage.
The gnoll closely misses you. The hound completely misses you.
The quokka twitches its whiskers.
The quokka bites you but does no damage.
You shoot an arrow. The arrow closely misses the hound.
The hound bites you but does no damage. The gnoll barely misses you.
The gnoll hits you with a +0 flail. The hound misses you.
The quokka closely misses you. The gnoll completely misses you.
The gnoll hits you with a +0 flail!
You shoot an arrow.
The arrow hits the hound but does no damage.
The hound is lightly wounded.
The hound barely misses you.
The quokka bites you but does no damage.
The hound bites you but does no damage. The gnoll closely misses you.
The gnoll hits you with a +0 whip.
You shoot an arrow. The arrow hits the hound!
The hound is heavily wounded.
The quokka bites you. The hound closely misses you.
The gnoll hits you with a +0 whip. The gnoll hits you with a +0 flail.
The quokka bites you but does no damage.
The hound bites you but does no damage.
You shoot an arrow. The arrow misses the hound.
The hound bites you but does no damage. The quokka closely misses you.
The gnoll hits you with a +0 flail. The gnoll hits you with a +0 whip.
You shoot an arrow. The arrow misses the hound.
The hound bites you but does no damage. The quokka closely misses you.
The gnoll misses you. The gnoll hits you but does no damage.
The hound bites you but does no damage. The quokka bites you.
You shoot an arrow. The arrow hits the hound.
The hound is almost dead.
The hound bites you.
You die...

...#####.............##.## #
...# #..............### #
#### #...^....####....##### #
#........# #........# #
########........## ###).....#
# ......##.........#
#........# #
......####.......###.#......#
#
......'..#.#####gh...#......#
#
......##.#......@.####......#
#####.##....#..r.g# ##......#
......####.#......# #.......#
..#...............# #...#####
..#.######.#.#.#.## #...#
..#.# #.....#.# #...# ....#
#.#...#.# #...# .)###
###...#.# #...# ..# #.).#.#
#...#


You could see a hound, 2 gnolls and a quokka.

Vanquished Creatures
  Sigmund (D:3)
  A hound (D:3)
  Jessica (D:3)
  A gnoll (D:3)
  12 adders
  4 worms (D:2)
  4 dart slugs
  14 ball pythons
  7 endoplasms
  3 giant cockroaches
  5 goblins
  3 hobgoblins (D:2)
  4 jackals (D:3)
  3 quokkas
  6 bats
  3 frilled lizards
  7 kobolds
  4 rats
83 creatures vanquished.

Notes
Turn   | Place    | Note
-------+----------+-------------------------------------------
     0 | D:1      | qw the Gargoyle Hunter began the quest for the Orb.
     0 | D:1      | Reached XP level 1. HP: 12/12 MP: 1/1
     0 | D:1      | 0 ||| qw: Version: 0.3-a-74-g0d5e918
     0 | D:1      | 0 ||| qw: Game counter: 13
     0 | D:1      | 0 ||| qw: Melee chars always use a shield: true
     0 | D:1      | 0 ||| qw: God list: Okawaru
     0 | D:1      | 0 ||| qw: Allow faded altars: false
     0 | D:1      | 0 ||| qw: Do Orc after clearing Dungeon:15 true
     0 | D:1      | 0 ||| qw: Do second Lair branch before Depths: true
     0 | D:1      | 0 ||| qw: Lair rune preference: random
     0 | D:1      | 0 ||| qw: Goals: Normal
     0 | D:1      | 0 ||| PLANNING D:1-11
   158 | D:1      | Reached XP level 2. HP: 17/17 MP: 2/2
   680 | D:1      | 680 ||| READING scroll labelled DISOIM IGEL.
   681 | D:1      | 681 ||| READING scroll labelled PUW DUIROC.
   691 | D:1      | 691 ||| READING scroll labelled AWEPOASSEE.
   692 | D:1      | 692 ||| DROPPING scroll of butterflies.
   720 | D:2      | Reached XP level 3. HP: 21/21 MP: 3/3
   733 | D:2      | Reached skill level 5 in Ranged Weapons
   807 | D:2      | Reached skill level 3 in Fighting
   879 | D:2      | Reached XP level 4. HP: 28/28 MP: 4/4
   917 | D:2      | Found a faded altar of an unknown god.
  1168 | D:2      | Reached XP level 5. HP: 32/32 MP: 5/5
  1206 | D:2      | Reached skill level 6 in Ranged Weapons
  1414 | D:2      | 1414 ||| READING scroll labelled QUDIKHAMPA.
  1415 | D:2      | 1415 ||| READING scroll labelled QIEXEO VU IDWE.
  1416 | D:2      | 1416 ||| DRINKING 2 grey potions.
  1440 | D:2      | 1440 ||| DRINKING 2 golden potions.
  1441 | D:2      | 1441 ||| DROPPING potion of lignification.
  1625 | D:3      | Noticed Sigmund
  1629 | D:3      | 1629 ||| DRINKING potion of curing.
  1629 | D:3      | 1629 ||| (to cure confusion)
  1632 | D:3      | Killed Sigmund
  1633 | D:3      | Reached XP level 6. HP: 32/40 MP: 6/6
  1692 | D:3      | Noticed Jessica
  1698 | D:3      | Killed Jessica
  2168 | D:3      | 2168 ||| UPGRADING to +0 ring mail.
  2178 | D:3      | 2178 ||| DROPPING +0 leather armour.
  2179 | D:3      | 2179 ||| DRINKING 2 clear potions.
  2180 | D:3      | 2180 ||| DROPPING potion of attraction.
  2207 | D:4      | 2207 ||| STAIRDANCE
  2215 | D:4      | 2215 ||| STAIRDANCE
  2222 | D:3      | HP: 9/40 [gnoll/+0 flail[a gnoll bouda] (3)]
  2223 | D:3      | HP: 2/40 [quokka (3)]
  2224 | D:3      | Slain by a hound

Levels and vault maps discovered:
D:1:      matt_arrival_los_fun, layout_basic
D:2:      layout_rooms, ebering_ecumenical_altar_box, grunt_ministairs_4,
          dreamdust_princess_bridge, minmay_snake_closets
D:3:      layout_basic, grunt_ministairs_4, amethyst_killhole, uniq_jessica,
          uniq_sigmund
D:4:      layout_rooms, old_standard_altar

Skill      XL: |  1  2  3  4  5 |
---------------+----------------+-----
Ranged Weapons | 5 6 |  6.6
Fighting       | 3 5 |  5.3
Armour         | |  0.4
Dodging        | |  1.5
Stealth        | |  1.1

Action                     |  1- 3 |  4- 6 || total
---------------------------+-------+-------++-------
   Fire: Shortbow          |   125 |   181 ||   306
    Use: Scroll            |     3 |     2 ||     5
         Potion            |       |     4 ||     4
 Armour: Leather armour    |    25 |    39 ||    64
         Ring mail         |       |    23 ||    23
  Dodge: Dodged            |    51 |    59 ||   110

Table legend:
 A = Non-vault XP
 B = Vault XP
 C = Vault XP percentage of total XP
 D = Non-vault monster count
 E = Vault monster count
 F = Vault count percentage of total count
                 A         B        C        D         E       F
            +---------+---------+-------+---------+---------+-------
      Total |     251 |     351 |  58.3 |      65 |      18 |  21.7
            +---------+---------+-------+---------+---------+-------
        D:1 |      32 |       0 |   0.0 |      20 |       0 |   0.0
        D:2 |      99 |      85 |  46.2 |      22 |      14 |  38.9
        D:3 |     120 |     266 |  68.9 |      23 |       4 |  14.8
            +---------+---------+-------+---------+---------+-------
